Map: Blackrock LE

Players

Choigalaxy

  • Race: Zerg Zerg
  • League: Diamond

인공지능 칸 (아주 쉬움) - Winner!

  • Race: Protoss Protoss

VOD

Have the link to the VOD?

Description

Time

  • Played on: Aug. 13, 2026, 4:37 a.m.
  • Length: 6:09
Show
View Real Time Build Order
Export as new Build Order

Choigalaxy Zerg 

Build Orders: Hatch First 

Get SALT Encoding   

  8  0:00  Drone  
  9  0:10  Drone  
  10  0:16  Drone  
  11  0:28  Overlord  
  11  0:33  Drone  
  12  0:46  Drone x2  
  14  0:55  Drone  
  15  1:15  Hatchery  
  14  1:18  Drone  
  14  1:19  Drone  
  14  1:23  Drone  
  17  1:38  Spawning Pool  
  16  1:41  Drone  
  16  1:44  Drone  
  18  1:47  Extractor  
  18  1:51  Drone  
  18  2:02  Drone  
  19  2:09  Overlord  
  19  2:23  Drone  
  19  2:26  Queen x2  
  19  2:28  Zergling x2  
  25  2:31  Zergling x2  
  26  2:38  Drone  
  26  2:39  Drone  
  28  2:47  Drone  
  28  2:49  Metabolic Boost  
  28  2:50  Drone  
  30  3:08  Hatchery  
  30  3:10  Drone  
  30  3:13  Overlord  
  30  3:16  Drone  
  30  3:18  Drone  
  32  3:31  Queen, Drone x2  
  32  3:33  Drone  
  37  3:37  Overlord  
  37  3:40  Drone  
  38  3:42  Drone  
  38  3:46  Overlord  
  38  3:48  Drone  
  40  3:55  Queen  
  42  3:58  Drone x2  
  42  4:01  Drone  
  45  4:04  Spore Crawler  
  45  4:07  Spore Crawler  
  45  4:09  Drone  
  44  4:10  Drone  
  45  4:18  Overlord  
  45  4:19  Overlord  
  45  4:21  Zergling x2  
  45  4:22  Zergling x2  
  45  4:23  Zergling x2  
  48  4:26  Drone  
  49  4:31  Queen  
  49  4:37  Drone x2  
  49  4:38  Drone  
  54  4:39  Drone  
  54  4:40  Drone  
  56  4:48  Roach Warren  
  56  4:49  Spore Crawler  
  56  4:50  Drone  
  56  4:52  Drone  
  56  4:53  Drone  
  56  4:55  Drone  
  56  4:57  Drone  
  56  4:58  Drone  
  60  5:00  Overlord  
  60  5:05  Drone x3  
  63  5:10  Lair  
  63  5:11  Drone  
  63  5:13  Drone  
  65  5:16  Drone, Extractor  
  65  5:17  Extractor, Drone  
  65  5:19  Drone  
  65  5:20  Drone  
  67  5:22  Drone  
  68  5:32  Drone x2  
  68  5:33  Drone  
  68  5:34  Drone, Hatchery  
  71  5:36  Drone x2  
  71  5:38  Overlord  
  71  5:41  Overlord  
  73  5:50  Drone  
  73  5:51  Drone x2, Extractor  
  73  5:52  Drone  
  73  5:53  Extractor, Drone  
  76  6:04  Evolution Chamber  
  78  6:06  Extractor  
Show
View Real Time Build Order
Export as new Build Order

인공지능 칸 (아주 쉬움) Protoss - Winner!

Build Orders:  

Get SALT Encoding   

  8  0:00  Probe  
  9  0:13  Probe  
  10  0:25  Probe  
  11  0:37  Probe  
  12  0:48  Pylon  
  12  0:49  Probe  
  13  1:02  Probe  
  13  1:04  Assimilator  
  13  1:11  Gateway  
  14  1:16  Pylon  
  14  1:44  Assimilator  
  14  1:53  Probe, Zealot  
  14  2:01  Probe, Cybernetics Core  
  18  2:11  Probe  
  19  2:23  Probe  
  20  2:30  Pylon  
  20  2:35  Probe  
  21  2:37  Warp Gate  
  21  2:47  Probe  
  22  3:01  Stalker  
Tags
 
Add a new tag
Caveats
  • Supply blocks, unpowered buildings, or Contaminate may cause inaccurate times.
  • Supply counts are checked every 10 seconds.